 Dungeon Crawl Stone Soup version 0.23.0-38-g208d714 (webtiles) character file.

Game seed: 9779091872238138961

29 MalarOregon the Magician (level 3, -1/24 HPs)
             Began as a Merfolk Wizard on Feb 27, 2019.
             Slain by a giant cockroach (2 damage)
             ... on level 1 of the Dungeon.
             The game lasted 00:02:30 (1328 turns).

MalarOregon the Magician (Merfolk Wizard)           Turns: 1328, Time: 00:02:32

Health: -1/24      AC:  2    Str:  8    XL:     3   Next: 16%
Magic:  1/7        EV: 13    Int: 17    God:
Gold:   35         SH:  0    Dex: 12    Spells: 5/8 levels left

rFire    . . .     SeeInvis .   h - +0 spear
rCold    . . .     Gourm    .   (no shield)
rNeg     . . .     Faith    .   a - +0 robe
rPois    .         Spirit   .   b - +0 hat
rElec    .         Reflect  .   (no cloak)
rCorr    .         Harm     .   (no gloves)
MR       .....                  (no boots)
Stlth    ++........             (no amulet)
HPRegen  0.08/turn              (no ring)
MPRegen  0.10/turn              (no ring)

@: very slightly contaminated
A: change form in water, swift swim, stealthy swim
a: no special abilities


You were on level 1 of the Dungeon.
You were hungry.

You visited 1 branch of the dungeon, and saw 1 of its levels.

You collected 35 gold pieces.

Inventory:

Hand Weapons
 h - a +0 spear (weapon)
   (You found it on level 1 of the Dungeon)
Armour
 a - a +0 robe (worn)
 b - a +0 hat (worn)
Jewellery
 c - an uncursed ring of poison resistance {unknown}
   (You found it on level 1 of the Dungeon)
Scrolls
 f - a scroll of enchant weapon {unknown}
 g - a scroll of immolation {unknown}
 k - 3 scrolls of identify {unknown}
Potions
 d - a potion of curing {unknown}
 i - a potion of degeneration {unknown}
 l - a potion of berserk rage {unknown}
 m - a potion of heal wounds {unknown}
Comestibles
 e - a ration {!d}
 j - a chunk of flesh


   Skills:
 + Level 2.2 Polearms
 - Level 2.6 Dodging
 - Level 2.1 Stealth
 - Level 3.0 Spellcasting
 - Level 2.0 Conjurations
 - Level 1.0 Summonings
   Level 0.7 Translocations


You had 5 spell levels left.
You knew the following spells:

 Your Spells              Type           Power        Failure   Level  Hunger
a - Magic Dart            Conj           #...         8%          1    None
x - Call Imp              Summ           #.......     17%         2    ##.....

Your spell library contained the following spells:

 Spells                   Type           Power        Failure   Level  Hunger
 Blink                    Tloc           N/A          21%         2    ##.....
 Slow                     Hex            #.......     26%         2    ##.....
 Conjure Flame            Conj/Fire      #.......     34%         3    ###....
 Mephitic Cloud           Conj/Pois/Air  #.......     36%         3    ###....


Dungeon Overview and Level Annotations

Branches:
Dungeon (1/15)

Altars:


Message History

You closely miss the kobold. The giant cockroach bites you.
The kobold hits you.
You completely miss the kobold. The giant cockroach misses you.
The kobold hits you.
The giant cockroach bites you but does no damage.
You closely miss the kobold. The kobold hits you but does no damage.
The giant cockroach bites you.
You barely miss the kobold. The kobold barely misses you.
The giant cockroach bites you but does no damage.
You hit the kobold. The kobold hits you.
* * * LOW HITPOINT WARNING * * *
The giant cockroach bites you.
* * * LOW HITPOINT WARNING * * *
You barely miss the kobold. The giant cockroach closely misses you.
The kobold hits you.
* * * LOW HITPOINT WARNING * * *
The kobold hits you.
* * * LOW HITPOINT WARNING * * *
The giant cockroach closely misses you.
You hit the giant cockroach. The giant cockroach bites you.
* * * LOW HITPOINT WARNING * * *
A beastly little devil appears in a puff of flame.
The giant cockroach misses you.
You miscast Call Imp.
You are very lightly contaminated with residual magic.
Nothing appears to happen.
The giant cockroach bites you.
* * * LOW HITPOINT WARNING * * *
Your crimson imp closely misses the giant cockroach.
You barely miss the giant cockroach. The giant cockroach closely misses you.
The kobold closely misses you.
Your crimson imp barely misses the giant cockroach.
The giant cockroach bites you.
* * * LOW HITPOINT WARNING * * *
A metallic apparition takes form in the air.
The kobold barely misses you. The giant cockroach misses you.
Your crimson imp hits the giant cockroach.
Unknown command.
You hit the kobold.
You kill the kobold!
The giant cockroach bites you.
* * * LOW HITPOINT WARNING * * *
Your crimson imp blinks!
You hit the giant cockroach but do no damage.
The giant cockroach barely misses you.
Your crimson imp blinks!
Your crimson imp blinks!
The giant cockroach bites you.
* * * LOW HITPOINT WARNING * * *
You hit the giant cockroach. The giant cockroach bites you.
You die...

).#........#.#
.........###.#### ###
#.#..####........ ..#
#.#.....#..##.##. ..#
#.#...#.#..##..## #.##
#.....#.#..#....###..#
........#..#..#..#5..#
#########.....###s#..#
..........###...@....#
......##### #.#.§##..#
......# ...#.5...##
......# #####.#####
..)...# #§# ......#
#$# ......# #.#
......# #.# ......#


You could see a giant cockroach, a friendly iron imp and a friendly crimson imp.

Vanquished Creatures
  A dart slug (D:1)
  A giant cockroach (D:1)
  4 goblins (D:1)
  3 hobgoblins (D:1)
  3 jackals (D:1)
  A ball python (D:1)
  4 bats (D:1)
  2 frilled lizards (D:1)
  2 kobolds (D:1)
  5 rats (D:1)
26 creatures vanquished.

Vanquished Creatures (collateral kills)
  A goblin (D:1)
  A kobold (D:1)
2 creatures vanquished.

Grand Total: 28 creatures vanquished

Notes
Turn   | Place    | Note
-------+----------+-------------------------------------------
     0 | D:1      | MalarOregon the Merfolk Wizard began the quest for the Orb.
     0 | D:1      | Reached XP level 1. HP: 13/13 MP: 4/4
    55 | D:1      | Reached skill level 1 in Conjurations
   371 | D:1      | Reached XP level 2. HP: 16/19 MP: 0/6
   468 | D:1      | Learned a level 2 spell: Call Imp
   698 | D:1      | Reached skill level 1 in Polearms
  1005 | D:1      | Reached XP level 3. HP: 15/24 MP: 7/7
  1327 | D:1      | HP: 1/24 [giant cockroach (2)]
  1328 | D:1      | Slain by a giant cockroach

Skill      XL: |  1  2  3 |
---------------+----------+-----
Conjurations   | 1 2 |  2.0
Polearms       | 1 2 |  2.2
Dodging        | |  2.6
Stealth        | |  2.1
Spellcasting   | |  3.0
Summonings     | |  1.0
Translocations | |  0.7

Action                   || total
-------------------------++-------
Melee: Club              ||    23
       Unarmed           ||     9
       Spear             ||    75
 Cast: Magic Dart        ||    18
       Call Imp          ||     6
 Stab: Sleeping          ||     2
  Eat: Chunk             ||     1
Armor: Robe              ||    21
Dodge: Dodged            ||    88
